Map: Pendiente de Agustín EE

Players

CrazyCarl

  • Race: Zerg Zerg
  • Spawn Location: 12:00

Stratdaddy

  • Race: Terran Terran
  • Spawn Location: 11:00

Sarge

  • Race: Protoss Protoss
  • Spawn Location: 12:00

MrFercho - Winner!

  • Race: Zerg Zerg
  • League: Gold
  • Spawn Location: 6:00

tigro - Winner!

  • Race: Terran Terran
  • League: Bronze
  • Spawn Location: 6:00

TATORREA - Winner!

  • Race: Protoss Protoss
  • League: Gold
  • Spawn Location: 5:00

VOD

Have the link to the VOD?

Description

Time

  • Played on: Aug. 10, 2020, 9:27 p.m.
  • Length: 14:10
Show
View Real Time Build Order
Export as new Build Order

CrazyCarl Zerg 

Build Orders: Hatch First 

Get SALT Encoding   

  12  0:00  Drone  
  13  0:32  Hatchery  
  13  0:33  Drone  
  13  0:41  Overlord  
  13  0:51  Drone  
  14  1:02  Spawning Pool  
  13  1:08  Drone  
  14  1:13  Drone  
  14  1:17  Drone  
  16  1:23  Drone  
  17  1:32  Drone  
  18  1:40  Overlord  
  18  1:49  Queen  
  18  1:50  Queen  
  22  1:55  Drone  
  22  1:56  Drone  
  24  2:01  Extractor  
  24  2:02  Drone  
  24  2:04  Drone  
  25  2:14  Drone  
  26  2:17  Drone  
  26  2:19  Drone  
  28  2:36  Drone  
  29  2:44  Drone  
  30  2:50  Evolution Chamber  
  30  2:51  Drone x3  
  32  2:59  Overlord  
  32  3:00  Overlord  
  32  3:04  Drone x2  
  32  3:05  Drone  
  35  3:09  Metabolic Boost  
  35  3:16  Overlord  
  35  3:20  Drone  
  35  3:25  Extractor  
  35  3:26  Drone x2  
  37  3:38  Drone x3  
  40  3:43  Lair  
  40  3:45  Drone x4  
  44  3:48  Extractor  
  43  3:58  Drone x3  
  46  4:03  Extractor  
  45  4:10  Drone  
  45  4:11  Drone  
  45  4:13  Drone  
  45  4:15  Overlord x2  
  48  4:17  Overlord x2  
  48  4:29  Zergling x4  
  44  4:39  Zergling x8  
  38  4:57  Drone  
  38  4:59  Queen  
  39  5:04  Drone x6  
  47  5:10  Spire  
  46  5:14  Drone  
  46  5:20  Drone  
  48  5:27  Drone x2  
  50  5:29  Drone  
  50  5:31  Zerg Melee Weapons Level 1  
  51  5:36  Drone  
  52  5:44  Drone x3  
  55  5:55  Hatchery  
  54  5:59  Overlord x3  
  54  6:07  Zergling x4  
  56  6:19  Overlord x2  
  56  6:25  Zerg Flyer Weapons Level 1  
  56  6:26  Mutalisk x4  
  64  6:42  Mutalisk x3  
  64  6:43  Mutalisk x4  
  78  6:49  Drone x3  
  77  7:05  Mutalisk x2  
  81  7:17  Drone x4  
  81  7:18  Drone x2  
  81  7:19  Queen  
  81  7:21  Drone  
  81  7:22  Overlord x2  
  90  7:23  Overlord  
  90  7:28  Overseer  
  90  7:38  Drone  
  90  7:41  Mutalisk x4  
  99  7:49  Zergling x8  
  99  7:50  Zergling x2  
  104  7:53  Extractor  
  104  7:55  Drone  
  104  8:12  Drone x2  
  106  8:16  Mutalisk  
  106  8:17  Mutalisk x3  
  114  8:20  Zergling x4  
  114  8:21  Zergling x8  
  120  8:35  Nydus Network  
  120  8:41  Extractor  
  118  8:42  Overlord  
  118  8:43  Overlord x4  
  118  8:48  Zerg Melee Weapons Level 2  
  118  8:53  Overlord x2  
  118  8:55  Zergling x4  
  118  8:56  Zergling x6  
  123  9:24  Drone x3  
  126  9:25  Mutalisk x5  
  126  9:26  Mutalisk  
  70  10:30  Mutalisk x5  
  74  10:38  Hatchery  
  74  10:39  Mutalisk  
  74  10:40  Mutalisk x3  
  79  10:48  Drone x2  
  79  10:49  Drone x2  
  83  11:22  Lair  
  83  11:25  Mutalisk x2  
  83  11:26  Mutalisk x2  
  88  11:37  Hatchery  
  86  11:59  Zergling x14  
  93  12:08  Drone x2  
  95  12:12  Mutalisk x3  
  95  12:13  Mutalisk x2  
  95  12:45  Zergling x12  
  101  12:58  Zergling x12  
  105  13:02  Nydus Canal  
  109  13:16  Drone x3  
  99  13:27  Drone x3  
Show
View Real Time Build Order
Export as new Build Order

Stratdaddy Terran 

Build Orders:  

Get SALT Encoding   

  12  0:00  SCV  
  13  0:13  SCV  
  14  0:19  Supply Depot  
  14  0:30  SCV  
  14  0:33  Refinery  
  15  0:44  Barracks  
  15  0:48  SCV  
  16  1:00  SCV  
  17  1:09  Barracks  
  17  1:13  SCV  
  18  1:24  Refinery  
  19  1:32  SCV  
  19  1:34  Supply Depot  
  19  1:36  Marine  
  20  1:44  SCV  
  21  1:47  Engineering Bay  
  21  2:02  Barracks Tech Lab  
  21  2:06  Barracks Reactor  
  21  2:09  Orbital Command  
  21  2:18  Terran Infantry Weapons Level 1  
  21  2:24  Stimpack  
  21  2:34  Marine  
  22  2:42  Factory  
  22  2:50  SCV  
  23  3:02  SCV  
  24  3:25  Barracks Tech Lab  
  24  3:40  Starport  
  24  3:57  Marauder  
  24  4:00  Command Center  
  26  4:05  Marine x2  
  28  4:11  Combat Shield  
  28  4:12  Terran Infantry Armor Level 1  
  28  4:13  SCV  
  29  4:21  Armory  
  29  4:25  SCV  
  30  4:37  SCV  
  31  4:45  Medivac  
  31  4:51  Supply Depot  
  31  4:52  Supply Depot  
  33  5:01  SCV  
  34  5:09  Siege Tank  
  34  5:14  SCV  
  38  5:26  SCV  
  38  5:27  Supply Depot  
  39  5:29  Concussive Shells  
  39  5:38  SCV  
  39  5:41  Siege Tank  
  43  5:43  Marine x2  
  45  5:50  SCV  
  46  6:02  SCV  
  47  6:09  Orbital Command  
  47  6:12  Marine  
  47  6:13  Marine, Siege Tank  
  47  6:14  Marauder, SCV  
  55  6:24  Medivac  
  57  6:26  SCV  
  57  6:30  Marine x2  
  60  6:35  Factory  
  60  6:36  Marauder  
  60  6:38  SCV  
  63  6:48  Siege Tank  
  66  6:55  Command Center  
  66  7:00  Marine  
  66  7:01  Marine  
  68  7:05  Marauder  
  70  7:12  Supply Depot  
  70  7:14  SCV  
  71  7:18  Marine  
  72  7:26  SCV  
  72  7:27  Marauder  
  75  7:32  Armory  
  75  7:38  SCV  
  75  7:40  Terran Vehicle Weapons Level 1  
  76  7:47  Engineering Bay  
  76  7:59  Refinery  
  76  8:00  SCV, Refinery  
  76  8:02  SCV  
  78  8:07  Orbital Command  
  78  8:11  Terran Infantry Weapons Level 2  
  78  8:12  SCV  
  79  8:14  SCV  
  80  8:24  SCV  
  81  8:27  Marine  
  81  8:28  Marine  
  81  8:29  Marine  
  81  8:34  Orbital Command  
  84  8:36  SCV  
  85  8:43  SCV  
  85  8:45  Marine  
  87  8:48  SCV  
  89  8:55  SCV  
  89  9:00  SCV  
  90  9:07  SCV  
  91  9:12  Thor, SCV  
  91  9:15  SCV  
  99  9:22  Refinery  
  99  9:26  SCV x2, Refinery  
  101  9:33  SCV  
  101  9:38  SCV x2  
  89  9:53  SCV  
  63  10:35  Marine x3  
  65  10:38  Siege Tank  
  65  10:41  Factory Tech Lab  
  69  10:53  Marine x3  
  72  11:01  Terran Vehicle Weapons Level 2  
  72  11:03  Terran Vehicle And Ship Armor Level 1  
  68  11:10  Marine, Siege Tank  
  68  11:11  Marine  
  67  11:49  Medivac  
  67  11:52  Siege Tank x2  
  67  11:53  Marine x3  
  78  12:05  Command Center  
  78  12:11  Marine x3  
  81  12:16  Refinery  
  81  12:19  Medivac  
  83  12:29  Marine x3  
  86  12:54  Marine x3  
  89  13:03  Barracks  
  89  13:04  Barracks  
  89  13:05  Barracks  
  89  13:09  Barracks  
  89  13:11  SCV x2  
  89  13:12  Marine x2  
  93  13:23  SCV x2  
  70  13:35  SCV x2  
Show
View Real Time Build Order
Export as new Build Order

Sarge Protoss 

Build Orders:  

Get SALT Encoding   

  12  0:00  Probe (Chrono Boost)  
  13  0:11  Probe (Chrono Boost)  
  14  0:21  Pylon  
  14  0:42  Gateway  
  14  0:47  Forge  
  14  0:56  Pylon  
  14  0:57  Probe (Chrono Boost)  
  15  1:05  Assimilator  
  15  1:09  Probe (Chrono Boost)  
  16  1:18  Probe (Chrono Boost)  
  17  1:24  Probe  
  18  1:31  Photon Cannon  
  18  1:40  Cybernetics Core  
  18  1:44  Zealot  
  20  1:55  Probe  
  21  2:04  Assimilator  
  21  2:07  Probe  
  22  2:09  Pylon  
  22  2:16  Pylon  
  22  2:19  Probe  
  22  2:21  Zealot  
  25  2:36  Probe (Chrono Boost)  
  26  2:45  Probe (Chrono Boost)  
  26  2:47  Adept  
  29  2:59  Gateway  
  29  3:17  Adept  
  29  3:18  Stargate  
  31  3:23  Pylon  
  31  3:30  Photon Cannon  
  31  3:47  Adept  
  33  3:52  Robotics Facility  
  33  3:54  Adept  
  35  4:09  Protoss Ground Armor Level 1  
  35  4:17  Stalker  
  37  4:24  Stalker  
  39  4:47  Stalker  
  41  5:02  Void Ray  
  45  5:20  Adept  
  47  5:28  Observer (Chrono Boost)  
  48  5:39  Void Ray  
  48  5:45  Pylon  
  52  5:50  Pylon  
  52  6:04  Stalker x2, Nexus  
  52  6:06  Pylon  
  52  6:08  Pylon  
  56  6:31  Photon Cannon  
  56  6:33  Photon Cannon  
  56  6:35  Sentry  
  58  6:41  Stalker  
  60  6:52  Void Ray  
  64  7:21  Immortal  
  68  7:29  Probe (Chrono Boost)  
  69  7:39  Robotics Bay  
  69  7:40  Probe (Chrono Boost)  
  70  7:45  Probe (Chrono Boost)  
  71  7:56  Probe  
  72  8:09  Void Ray  
  72  8:12  Probe (Chrono Boost)  
  77  8:23  Probe (Chrono Boost)  
  78  8:28  Probe (Chrono Boost)  
  78  8:31  Observer  
  79  8:50  Void Ray (Chrono Boost)  
  83  9:04  Observer  
  83  9:12  Probe (Chrono Boost)  
  84  9:20  Assimilator  
  84  9:22  Assimilator, Probe (Chrono Boost)  
  85  9:24  Void Ray  
  85  9:27  Probe (Chrono Boost)  
  90  9:39  Probe  
  91  9:51  Probe  
  61  10:51  Stalker x2  
  61  10:53  Void Ray (Chrono Boost)  
  69  11:20  Stalker (Chrono Boost)  
  73  11:26  Stalker (Chrono Boost)  
  73  11:29  Void Ray (Chrono Boost)  
  77  11:39  Probe (Chrono Boost)  
  80  11:48  Stalker (Chrono Boost)  
  80  11:49  Probe (Chrono Boost)  
  80  11:50  Stalker (Chrono Boost)  
  83  11:54  Probe (Chrono Boost)  
  84  12:06  Stalker, Void Ray (Chrono Boost), Probe  
  84  12:07  Extended Thermal Lance  
  91  12:11  Stalker  
  93  12:18  Probe  
  94  12:44  Void Ray  
Show
View Real Time Build Order
Export as new Build Order

MrFercho Zerg - Winner!

Build Orders: Hatch First, Roach Hydra 

Get SALT Encoding   

  12  0:01  Drone  
  13  0:14  Overlord  
  13  0:16  Drone  
  14  0:32  Drone x2  
  16  0:49  Hatchery  
  15  0:53  Drone  
  15  0:55  Drone  
  17  1:06  Drone  
  17  1:09  Extractor  
  17  1:21  Spawning Pool, Drone  
  17  1:23  Drone  
  18  1:32  Drone  
  19  2:21  Overlord  
  19  2:22  Drone x4  
  23  2:26  Queen x2  
  23  2:27  Overlord  
  27  2:39  Zergling x2  
  27  2:43  Zergling x2  
  29  2:47  Drone x2  
  31  3:01  Roach Warren  
  31  3:02  Drone x2  
  31  3:04  Evolution Chamber  
  31  3:06  Queen  
  31  3:10  Lair  
  33  3:13  Drone x2  
  35  3:21  Drone x2  
  37  3:28  Drone x2  
  37  3:31  Zerg Missile Weapons Level 1  
  39  3:36  Overlord  
  39  3:37  Overlord  
  39  3:38  Drone  
  39  3:39  Drone  
  41  3:42  Drone x2  
  41  3:43  Drone  
  41  3:45  Extractor  
  41  3:47  Extractor  
  42  3:53  Queen  
  44  3:57  Drone  
  44  3:58  Drone x2  
  47  4:13  Drone x3  
  47  4:14  Glial Reconstitution  
  47  4:16  Drone  
  51  4:32  Overlord  
  51  4:33  Overlord  
  51  4:45  Extractor  
  50  4:46  Drone x2  
  50  4:47  Drone  
  50  4:48  Drone  
  54  4:57  Queen  
  54  4:59  Hatchery, Roach x4  
  63  5:29  Roach x4  
  63  5:30  Roach x2  
  75  5:47  Zerg Missile Weapons Level 2  
  75  5:53  Tunneling Claws, Evolution Chamber  
  75  5:55  Metabolic Boost  
  74  6:04  Hydralisk Den, Drone x2  
  74  6:07  Overlord x2  
  74  6:08  Overlord x4  
  75  6:19  Zerg Ground Armor Level 1  
  75  6:25  Roach x3  
  81  6:26  Roach x5  
  91  6:42  Drone x6  
  91  6:43  Drone x2  
  99  7:06  Roach x10  
  119  7:21  Overlord  
  119  7:22  Overlord x2  
  119  7:26  Drone  
  119  7:27  Queen, Drone x2  
  124  7:31  Muscular Augments  
  124  7:45  Overseer  
  124  7:46  Infestation Pit  
  123  7:51  Spore Crawler  
  123  7:53  Spore Crawler  
  123  7:54  Drone x2  
  125  7:58  Roach  
  125  7:59  Roach x8  
  125  8:02  Overlord x2  
  125  8:03  Queen  
  125  8:05  Drone  
  144  8:28  Roach  
  144  8:29  Roach x10  
  166  8:35  Zerg Ground Armor Level 2  
  166  8:38  Zerg Melee Weapons Level 1  
  166  8:42  Hive  
  166  8:43  Grooved Spines  
  166  8:45  Pneumatized Carapace  
  166  8:49  Burrow  
  166  8:50  Drone  
  166  8:51  Drone x2  
  169  8:59  Overlord  
  169  9:00  Overlord x2  
  169  9:19  Drone x12  
  141  9:58  Hydralisk  
  141  9:59  Hydralisk x15  
  117  10:21  Extractor  
  116  10:22  Extractor  
  113  10:29  Spore Crawler  
  113  10:30  Spore Crawler  
  113  10:34  Spore Crawler  
  110  10:36  Spore Crawler  
  110  10:37  Spore Crawler  
  110  10:38  Drone  
  110  10:39  Drone x3  
  110  10:42  Spore Crawler  
  111  10:46  Zerg Missile Weapons Level 3  
  111  10:53  Zerg Ground Armor Level 3  
  111  11:10  Hatchery  
  110  11:33  Zergling x2  
  110  11:34  Zergling x48  
  110  11:35  Zergling x14  
  142  11:51  Lurker Den  
  141  11:54  Spire  
  141  12:00  Ultralisk Cavern  
  139  12:10  Baneling Nest  
  139  12:15  Hatchery  
  135  12:58  Baneling x21  
  135  12:59  Baneling x13  
  135  13:00  Hydralisk x5  
  135  13:01  Hydralisk x4  
  115  13:44  Hydralisk x7  
Show
View Real Time Build Order
Export as new Build Order

tigro Terran - Winner!

Build Orders:  

Get SALT Encoding   

  12  0:13  SCV  
  13  0:18  Supply Depot  
  13  0:25  SCV  
  14  0:37  SCV  
  14  0:40  Supply Depot  
  15  0:51  SCV  
  15  0:52  Barracks  
  16  1:03  SCV, Refinery  
  17  1:15  SCV  
  18  1:28  SCV  
  19  1:40  SCV  
  19  1:41  Marine  
  21  1:52  Refinery, SCV  
  22  1:59  Marine  
  23  2:04  SCV  
  24  2:15  Factory  
  24  2:17  Marine  
  25  2:25  SCV  
  26  2:34  Marine  
  27  2:42  Orbital Command  
  27  2:52  Marine  
  28  3:02  Factory Tech Lab  
  28  3:08  Command Center  
  28  3:11  Barracks Tech Lab  
  28  3:26  Engineering Bay  
  28  3:28  Siege Tank  
  28  3:34  Combat Shield  
  31  3:38  Marine  
  32  3:54  Terran Infantry Weapons Level 1  
  32  3:55  Marine  
  32  4:00  Siege Tank  
  36  4:13  Marine  
  37  4:21  Refinery  
  37  4:23  SCV  
  38  4:31  Marine  
  38  4:35  SCV  
  40  4:47  SCV  
  40  4:49  Marine  
  42  4:53  Stimpack  
  42  4:59  SCV, Missile Turret  
  43  5:07  Marine  
  43  5:11  SCV  
  45  5:20  Missile Turret  
  45  5:24  Marine, SCV  
  47  5:31  Starport  
  47  5:42  Marine  
  47  5:48  Terran Infantry Armor Level 1  
  48  5:52  Missile Turret  
  48  5:56  SCV  
  49  6:00  Marine  
  49  6:04  Refinery  
  50  6:08  SCV  
  51  6:12  Armory, Missile Turret  
  51  6:20  SCV  
  51  6:25  Medivac  
  54  6:32  SCV  
  55  6:37  Cyclone  
  58  6:42  Missile Turret  
  58  6:44  SCV  
  59  7:01  Fusion Core  
  59  7:12  Missile Turret  
  59  7:15  Marine  
  60  7:21  Terran Vehicle Weapons Level 1  
  60  7:32  Marine  
  60  7:35  Supply Depot  
  61  7:42  Neosteel Armor  
  61  7:44  SCV  
  62  7:57  Thor, Marine, SCV  
  70  7:59  Supply Depot  
  70  8:05  Missile Turret  
  70  8:18  Barracks, Marine, SCV  
  72  8:22  Supply Depot  
  72  8:26  Missile Turret  
  72  8:30  SCV  
  73  8:36  Marine  
  73  8:38  Starport Tech Lab  
  74  8:42  SCV  
  74  8:46  Starport  
  75  8:49  Missile Turret  
  75  9:15  Marine x2, Terran Vehicle And Ship Armor Level 1  
  77  9:17  Command Center, Missile Turret  
  77  9:22  Hi-Sec Auto Tracking, Weapon Refit  
  77  9:25  Battlecruiser  
  77  9:27  Starport Tech Lab  
  83  9:33  Marine x2  
  83  9:38  Missile Turret  
  85  9:51  Marine x2  
  61  10:08  Marine  
  61  10:09  Marine  
  62  10:15  Thor  
  68  10:26  Marine x2  
  70  10:29  Medivac  
  71  10:44  Marine  
  68  10:57  Thor  
  68  11:02  Rapid Reignition System  
  74  11:09  Terran Ship Weapons Level 1  
  65  11:26  Marine x2  
  62  11:40  Thor  
  62  11:44  Marine  
  70  11:49  Barracks Reactor  
  69  11:58  Planetary Fortress  
  69  12:02  Marine  
  70  12:16  Refinery  
  70  12:19  Medivac x2, Marine  
  75  12:23  Thor  
  81  12:37  Marine  
  82  12:49  Battlecruiser x2  
  94  12:54  Marine x2  
  94  12:55  Marine  
  97  13:06  Thor  
  97  13:11  Marine  
  97  13:12  Marine  
  105  13:13  Marine  
  106  13:29  Marine x2  
  106  13:31  Marine  
  109  13:47  Marine  
Show
View Real Time Build Order
Export as new Build Order

TATORREA Protoss - Winner!

Build Orders:  

Get SALT Encoding   

  12  0:03  Probe  
  13  0:15  Probe  
  14  0:23  Pylon  
  14  0:27  Probe  
  15  0:41  Probe  
  16  0:49  Gateway  
  16  0:53  Probe  
  17  1:04  Gateway  
  17  1:06  Probe  
  18  1:17  Assimilator  
  18  1:18  Probe  
  19  1:20  Pylon  
  19  1:28  Pylon  
  19  1:30  Probe  
  20  1:34  Assimilator  
  20  1:42  Probe  
  21  1:51  Cybernetics Core  
  21  1:54  Probe  
  22  2:06  Probe  
  23  2:26  Stalker (Chrono Boost)  
  23  2:27  Adept (Chrono Boost)  
  27  2:33  Warp Gate  
  27  2:39  Probe  
  28  2:47  Adept  
  28  2:49  Adept  
  32  2:58  Nexus  
  32  3:01  Pylon  
  32  3:05  Pylon  
  32  3:17  Adept  
  32  3:19  Adept  
  36  3:59  Probe  
  37  4:08  Assimilator  
  37  4:11  Assimilator, Probe  
  38  4:19  Robotics Facility  
  38  4:21  Twilight Council  
  38  4:23  Probe, Stargate  
  31  4:57  Stalker x2  
  31  4:59  Probe x2 (Chrono Boost)  
  35  5:03  Blink  
  35  5:09  Probe x2 (Chrono Boost)  
  35  5:10  Void Ray  
  35  5:11  Pylon  
  35  5:14  Probe (Chrono Boost)  
  41  5:15  Pylon  
  41  5:20  Immortal  
  46  5:22  Probe  
  46  5:25  Probe  
  48  5:34  Probe  
  49  5:37  Probe  
  50  5:43  Stalker  
  50  5:46  Probe  
  50  5:49  Probe  
  54  5:53  Void Ray  
  58  5:58  Probe  
  58  6:01  Probe (Chrono Boost)  
  60  6:07  Stalker  
  63  6:11  Probe (Chrono Boost)  
  63  6:14  Probe (Chrono Boost)  
  64  6:20  Probe (Chrono Boost)  
  64  6:22  Stalker  
  64  6:23  Probe (Chrono Boost)  
  64  6:25  Probe (Chrono Boost)  
  69  6:33  Immortal  
  69  6:36  Void Ray  
  69  6:39  Probe  
  78  7:04  Charge  
  78  7:14  Probe  
  79  7:16  Probe, Nexus  
  79  7:19  Pylon  
  79  7:20  Pylon  
  79  7:22  Stalker x2  
  84  7:26  Probe  
  84  7:28  Probe  
  86  7:36  Void Ray  
  90  7:39  Probe  
  90  7:40  Probe  
  92  7:44  Immortal  
  96  7:55  Fleet Beacon  
  96  7:56  Protoss Air Weapons Level 1  
  96  8:01  Probe x2  
  96  8:05  Pylon x2  
  98  8:08  Pylon  
  98  8:13  Probe x2  
  98  8:14  Stargate  
  100  8:24  Templar Archives  
  100  8:25  Probe x2  
  102  8:31  Zealot  
  104  8:35  Zealot  
  104  8:37  Probe  
  104  8:40  Probe x2  
  109  8:45  Void Ray  
  113  9:02  Assimilator  
  113  9:04  Assimilator  
  113  9:20  Pylon  
  113  9:21  Pylon  
  113  9:22  Nexus  
  113  9:30  Zealot  
  113  9:31  Zealot  
  117  9:34  Void Ray x2  
  117  9:36  Immortal  
  127  10:15  Immortal  
  131  10:23  Stalker x2  
  117  10:32  Gateway  
  117  10:34  Gateway  
  99  10:38  Gateway  
  99  10:41  Gateway  
  83  10:43  Gateway  
  83  10:45  Gateway  
  83  10:46  Gateway  
  83  10:48  Gateway  
  81  10:50  Gateway, Probe x4  
  81  10:52  Gateway  
  85  11:02  Probe x2  
  85  11:03  Forge, Probe x2  
  89  11:05  Stalker, Forge  
  89  11:06  Stalker  
  89  11:08  Void Ray x2, Forge  
  101  11:11  Stargate  
  101  11:14  Assimilator  
  94  11:26  Protoss Air Weapons Level 2 (Chrono Boost)  
  93  11:35  Probe x2 (Chrono Boost)  
  93  11:36  Probe x2 (Chrono Boost)  
  97  11:46  Probe x4 (Chrono Boost)  
  101  11:48  High Templar x2  
  101  11:49  High Templar x5  
  101  11:50  High Templar x4  
  101  11:54  Protoss Ground Weapons Level 1 (Chrono Boost), Archon x4  
  123  11:55  Archon  
  123  12:08  Assimilator, Probe (Chrono Boost)  
  126  12:09  Probe x2 (Chrono Boost)  
  126  12:10  Probe (Chrono Boost)  
  127  12:18  Probe (Chrono Boost)  
  127  12:19  Probe x3 (Chrono Boost)  
  131  12:23  Probe x3 (Chrono Boost)  
  131  12:29  Psionic Storm  
  134  12:30  High Templar x3  
  134  12:31  High Templar  
  142  12:37  Archon x2  
  142  12:44  Zealot x3  
  142  12:45  Zealot x4  
  142  12:46  Zealot  
  158  12:55  Unknown  
Tags
 
Add a new tag
Caveats
  • Supply blocks, unpowered buildings, or Contaminate may cause inaccurate times.
  • Supply counts are checked every 10 seconds.